Map: [ESL] Tropical Sacrifice

Players

Botvinnik - Winner!

  • Race: Terran Terran
  • Spawn Location: 7:00

PappiJoe

  • Race: Protoss Protoss
  • Spawn Location: 1:00

Event: DreamHack SC2 Masters 2022 Valencia

VOD

Have the link to the VOD?

Description

Time

  • Played on: July 1, 2022, 10:11 a.m.
  • Length: 5:53

All games in this series

Show
View Real Time Build Order
Export as new Build Order

Botvinnik Terran - Winner!

Build Orders: 1/1/1, Widow Mine Drop 

Get SALT Encoding   

  12  0:00  SCV  
  13  0:12  SCV  
  14  0:17  Supply Depot  
  14  0:24  SCV  
  15  0:39  SCV  
  15  0:40  Barracks  
  16  0:44  Refinery  
  16  0:51  SCV  
  16  0:53  Refinery  
  17  1:03  SCV  
  18  1:15  SCV  
  19  1:27  Orbital Command, Marine  
  20  1:33  Factory  
  20  1:41  Supply Depot  
  20  1:51  Barracks Reactor  
  20  1:52  SCV  
  21  2:06  SCV  
  22  2:17  Starport  
  22  2:18  Widow Mine  
  22  2:20  SCV  
  22  2:22  Supply Depot  
  25  2:27  Marine x2  
  27  2:39  Widow Mine  
  29  2:45  Marine x2  
  31  2:53  Medivac  
  31  2:55  Armory  
  33  3:01  Widow Mine  
  33  3:03  Supply Depot  
  35  3:07  Marine  
  35  3:09  Marine  
  37  3:13  SCV  
  38  3:23  Factory Tech Lab  
  38  3:28  Marine x2  
  40  3:41  Supply Depot  
  40  3:43  Thor  
  40  3:46  Marine  
  47  4:03  Medivac, Marine  
  50  4:11  Marine  
  51  4:20  Marine  
  48  4:26  Siege Tank  
  48  4:29  Marine  
  52  4:31  SCV  
  51  4:40  Liberator  
  51  4:43  SCV  
  55  5:00  Marine  
  55  5:02  Marine  
  55  5:06  SCV  
  52  5:18  SCV, Siege Tank, Marine  
  53  5:23  Marine  
  54  5:35  SCV  
Show
View Real Time Build Order
Export as new Build Order

PappiJoe Protoss 

Build Orders: 1 Gate Expand, Phoenix Opening 

Get SALT Encoding   

  12  0:00  Probe  
  13  0:12  Probe  
  14  0:19  Pylon  
  14  0:24  Probe  
  15  0:37  Probe (Chrono Boost)  
  15  0:38  Gateway  
  16  0:46  Probe (Chrono Boost)  
  16  0:47  Assimilator  
  17  0:51  Probe (Chrono Boost)  
  18  1:03  Probe  
  19  1:15  Probe  
  20  1:27  Nexus, Probe  
  21  1:37  Cybernetics Core  
  21  1:42  Assimilator  
  21  1:45  Probe  
  22  1:55  Pylon  
  22  1:57  Probe  
  23  2:10  Probe  
  23  2:11  Stalker (Chrono Boost), Warp Gate (Chrono Boost)  
  26  2:19  Probe  
  26  2:23  Shield Battery  
  26  2:28  Probe  
  27  2:34  Sentry  
  30  2:40  Probe (Chrono Boost)  
  32  2:45  Probe (Chrono Boost)  
  32  2:49  Probe (Chrono Boost)  
  33  2:51  Gateway  
  33  2:53  Probe (Chrono Boost)  
  33  2:55  Probe  
  35  3:00  Gateway  
  35  3:03  Sentry  
  35  3:04  Probe  
  38  3:07  Probe  
  38  3:09  Phoenix  
  39  3:13  Robotics Facility  
  39  3:17  Probe, Shield Battery  
  40  3:21  Probe  
  41  3:29  Probe  
  41  3:31  Pylon  
  41  3:33  Probe  
  43  3:41  Probe  
  44  3:44  Nexus  
  44  3:47  Probe  
  45  3:50  Pylon  
  45  3:53  Probe  
  46  4:01  Observer (Chrono Boost)  
  47  4:05  Stalker x2  
  46  4:19  Probe  
  46  4:21  Observer (Chrono Boost)  
  48  4:24  Probe  
  49  4:31  Probe  
  49  4:33  Assimilator  
  49  4:37  Assimilator  
  50  4:40  Probe  
  51  4:49  Shield Battery  
  51  4:52  Probe  
  52  4:53  Stalker  
  52  4:54  Stalker  
  52  4:57  Stalker  
  58  5:05  Shield Battery  
  41  5:24  Pylon  
  24  5:29  Stalker  
  26  5:37  Gateway x2  
  26  5:49  Stalker  

Tags
 
Add a new tag
Caveats
  • Supply blocks, unpowered buildings, or Contaminate may cause inaccurate times.
  • Supply counts are checked every 10 seconds.